General information
- name: BNet
- type: Ladder 1vs1/FFA
- host: Battle.net
- saver: Boogaloo_Shrimp
map: TwistedMeadows
- players: 2
- length: 24:03
- speed: Fast
- version: 1.26 W3XP
- replay type: Public
» download(69 KB)
Players
team 1 (loser)
CaSi0 (
yellow | 41 APM | 977 actions | 24:02)
5 Crypt Lord
1 Impale
1 Carrion Beetles
3 Spiked Carapace
» actions
| Basic commands | 55 | |
| Build / train | 86 | |
| Enter build submenu | 19 | |
| Enter hero's abilities submenu | 5 | |
| Give item / drop item | 5 | |
| Right click | 307 | |
| Select / deselect | 437 | |
| Use ability | 63 | |
977 total
» units
| Acolyte | 9 | |
| Ghoul | 2 | |
| Crypt Fiend | 7 | |
| Forest Troll Shadow Priest | 1 | |
| Gargoyle | 5 | |
| Necromancer | 11 | |
| Obsidian Statue | 12 | |
47 total
» upgrades
| Creature Carapace | 2 | |
| Creature Attack | 3 | |
| Web | 1 | |
| Burrow | 1 | |
| Necromancer Training | 2 | |
| Destroyer Form | 1 | |
10 total
» buildings
| Ziggurat | 6 | |
| Graveyard | 1 | |
| Crypt | 1 | |
| Altar of Darkness | 1 | |
| Tomb of Relics | 1 | |
| Spirit Tower | 2 | |
| Nerubian Tower | 2 | |
| Halls of the Dead | 1 | |
| Black Citadel | 1 | |
| Temple of the Damned | 1 | |
| Slaughterhouse | 1 | |
18 total
» build order
00:35 Ziggurat
00:40 Graveyard
00:45 Crypt
01:04 Altar of Darkness
01:14 Tomb of Relics
02:00 Ziggurat
02:03 Ziggurat
02:08 Spirit Tower
03:30 Nerubian Tower
04:15 Ziggurat
05:07 Nerubian Tower
05:36 Halls of the Dead
07:51 Ziggurat
08:31 Black Citadel
09:49 Temple of the Damned
10:22 Spirit Tower
16:09 Slaughterhouse
17:14 Ziggurat
» items
| Rod of Necromancy | 1 | |
| Potion of Mana | 5 | |
| Potion of Healing | 6 | |
| Scroll of Town Portal | 3 | |
| Scroll of Healing | 2 | |
17 total
team 2 (winner)
Boogaloo_Shrimp (
teal | 64 APM | 1535 actions | 24:03)
5 Blademaster
2 Wind Walk
3 Critical Strike
3 Goblin Alchemist
2 Acid Bomb
1 Chemical Rage
» actions
| Assign group hotkey | 53 | |
| Basic commands | 24 | |
| Build / train | 69 | |
| Enter build submenu | 47 | |
| Enter hero's abilities submenu | 8 | |
| Give item / drop item | 9 | |
| Right click | 659 | |
| Select / deselect | 327 | |
| Select group hotkey | 187 | |
| Use ability | 152 | |
1535 total
» units
| Peon | 12 | |
| Wind Rider | 6 | |
| Goblin Shredder | 3 | |
| Troll Batrider | 1 | |
| Goblin Zeppelin | 1 | |
| Spirit Walker | 2 | |
25 total
» upgrades
| Ranged Weapons | 3 | |
| Spirit Walker Training | 2 | |
| Reinforced Defenses | 1 | |
| Armor | 1 | |
| Witch Doctor Training | 1 | |
| Envenomed Spears | 1 | |
9 total
» buildings
| Altar of Storms | 1 | |
| Orc Burrow | 8 | |
| Voodoo Lounge | 1 | |
| War Mill | 1 | |
| Stronghold | 1 | |
| Watch Tower | 27 | |
| Beastiary | 3 | |
| Great Hall | 2 | |
| Spirit Lodge | 1 | |
| Fortress | 1 | |
46 total
» build order
00:06 Altar of Storms
00:19 Orc Burrow
00:47 Voodoo Lounge
01:23 War Mill
01:42 Orc Burrow
02:48 Stronghold
03:49 Watch Tower
03:52 Watch Tower
03:54 Watch Tower
03:57 Watch Tower
03:59 Watch Tower
04:27 Orc Burrow
05:10 Beastiary
05:13 Beastiary
05:23 Watch Tower
05:24 Watch Tower
08:14 Great Hall
08:24 Orc Burrow
10:06 Watch Tower
10:10 Watch Tower
10:37 Watch Tower
10:38 Watch Tower
10:41 Watch Tower
10:44 Watch Tower
11:15 Orc Burrow
11:29 Orc Burrow
11:47 Spirit Lodge
12:11 Watch Tower
12:12 Watch Tower
12:33 Orc Burrow
12:36 Watch Tower
12:37 Watch Tower
12:55 Watch Tower
14:12 Great Hall
14:15 Watch Tower
14:16 Watch Tower
14:20 Watch Tower
14:22 Watch Tower
14:26 Fortress
15:32 Watch Tower
16:02 Orc Burrow
17:56 Beastiary
20:56 Watch Tower
20:57 Watch Tower
20:57 Watch Tower
20:58 Watch Tower
» items
| Lesser Clarity Potion | 6 | |
| Healing Salve | 7 | |
| Boots of Speed | 1 | |
| Staff of Teleportation | 1 | |
| Potion of Healing | 3 | |
| Potion of Mana | 2 | |
| Orb of Lightning | 1 | |
| Scroll of Town Portal | 1 | |
22 total
Chat log
(23:00 / All) CaSi0: towering fucking noob
(23:02 / All) Boogaloo_Shrimp: lol u mad
(23:19 / All) Boogaloo_Shrimp: maybe you should attack move and tp again
(23:29 / All) CaSi0: noob
(23:31 / All) Boogaloo_Shrimp: so mad
(23:39 / All) CaSi0: your a fuckign noob you have no game
(23:44 / All) Boogaloo_Shrimp: says the guy losing :)
(23:57 / All) CaSi0: fuckign nooob you think you made unuff towers ?